 Dungeon Crawl Stone Soup version 0.23.0-33-g5e6c059fef (webtiles) character file.

Game seed: 2747169765589903647

2660 Naridas the Carver (level 9, -1/68 HPs)
             Began as an Octopode Fighter on Feb 26, 2019.
             Was a Believer of Dithmenos.
             Killed from afar by an orc wizard (4 damage)
             ... with a magic dart
             ... on level 8 of the Dungeon.
             The game lasted 00:21:13 (8727 turns).

Naridas the Carver (Octopode Fighter)               Turns: 8727, Time: 00:21:14

Health: -1/68      AC:  3    Str: 15    XL:     9   Next: 63%
Magic:  9/9        EV: 14    Int: 11    God:    Dithmenos [**....]
Gold:   127        SH: 14    Dex: 14    Spells: 8/8 levels left

rFire    + . .     SeeInvis +   a - +0 long sword
rCold    + . .     Gourm    .   b - +1 shield
rNeg     . . .     Faith    .   (helmet restricted)
rPois    +         Spirit   .   w - amulet "Limi" {Reflect rPois SH+3}
rElec    .         Reflect  +   j - ring of see invisible
rCorr    .         Harm     .   z - ring of protection from cold
MR       .....     Clarity  +   B - ring of protection from fire
Stlth    +++.......             (no ring)
HPRegen  0.21/turn              (no ring)
MPRegen  0.11/turn              (no ring)
                                (no ring)
                                (no ring)

@: about to teleport, wreathed by umbra
A: almost no armour, stealthy swim, amphibious, 8 rings, constrict 8, icy blue
scales 1, camouflage 1, clarity, deterioration 1, robust 1, gelatinous body 1
a: Shadow Step, Renounce Religion


You were on level 8 of the Dungeon.
You worshipped Dithmenos.
Dithmenos was pleased with you.
You were not hungry.

You visited 2 branches of the dungeon, and saw 9 of its levels.
You also visited: Ossuary.

You collected 622 gold pieces.
You spent 495 gold pieces at shops.

Inventory:

Hand Weapons
 a - a +0 long sword (weapon)
Armour
 b - a +1 shield (worn)
Jewellery
 j - a ring of see invisible (left tentacle)
 w - the amulet "Limi" (around mantle) {Reflect rPois SH+3}
   (You bought it in a shop on level 6 of the Dungeon)

   [amulet of reflection]

   It shields you and reflects attacks.
   It protects you from poison.
   It affects your SH (+3).
 z - a ring of protection from cold (right tentacle)
 B - a ring of protection from fire (on tentacle)
Wands
 v - a wand of flame (17)
 y - a wand of random effects (20)
 A - a wand of paralysis (20)
Scrolls
 e - 2 scrolls of remove curse
 k - 2 scrolls of immolation
 m - a scroll of magic mapping
 o - 7 scrolls of teleportation
 p - 2 scrolls of amnesia {unknown}
 t - 2 scrolls of enchant weapon {unknown}
 x - a scroll of fear {unknown}
 C - a scroll of torment {unknown}
 D - a scroll of random uselessness {unknown}
Potions
 c - 2 potions of might
 f - 3 potions of magic
 g - a potion of haste {unknown}
 h - 2 potions of heal wounds {unknown}
 i - 2 potions of berserk rage {unknown}
 l - 3 potions of curing {unknown}
 n - a potion of degeneration {unknown}
 q - a potion of agility {unknown}
 r - 2 potions of cancellation {unknown}
 s - 7 potions of flight {unknown}
 u - a potion of brilliance {unknown}
 E - a potion of resistance {unknown}
Comestibles
 d - 10 rations


   Skills:
 + Level 5.7 Fighting
 - Level 9.2 Long Blades
 - Level 5.1 Dodging
 - Level 7.2 Shields


You had 8 spell levels left.
You didn't know any spells.
Your spell library was empty.

Dungeon Overview and Level Annotations

Branches:
Dungeon (8/15)             Temple (1/1) D:4
   Lair: D:8-11

Altars:
Ashenzari
Cheibriados
Dithmenos
Elyvilon
Fedhas
Gozag
Hepliaklqana
Kikubaaqudgha
Makhleb
Nemelex Xobeh
Qazlal
Ru
Sif Muna
Trog
Uskayaw
Vehumet
Wu Jian
Xom
Yredelemnul
Zin
The Shining One

Shops:
D:5 [   D:6 =   D:7 *


Innate Abilities, Weirdness & Mutations

You cannot wear most types of armour.
You are very stealthy in the water. (Stealth+)
You are amphibious.
You can wear up to eight rings at the same time.
You can use your tentacles to constrict eight enemies at once.
Your skin changes colour to match your surroundings (Stealth+).
Your rubbery body absorbs attacks. (AC +1, EV +1)
You are partially covered in icy blue scales. (AC +2)
You possess an exceptional clarity of mind.
Your body sometimes deteriorates upon taking damage.
You are robust. (+10% HP)


Message History

As you read the scroll of teleportation, it crumbles to dust.
You feel strangely unstable.
The centaur warrior shoots an arrow.
The arrow completely misses you.
The centaur warrior shoots an arrow.
You reflect the arrow off an invisible shield around you!
The arrow hits the centaur warrior!
The centaur warrior shoots an arrow.
You reflect the arrow off an invisible shield around you!
The arrow hits the centaur warrior!!
Your surroundings suddenly seem different.
The orc warrior hits you from afar with a glaive.
* * * LOW HITPOINT WARNING * * *
An orc wizard comes into view. It is wielding a +0 dagger.
The orc wizard shouts!
An orc warrior and an orc priest come into view.
As you read the scroll of teleportation, it crumbles to dust.
You feel strangely unstable.
The orc priest shouts!
The orc wizard casts a spell at you. The magic dart hits you.
You die...

.# ##
# ##
.
#.#.
.
.#.#.
.o.#
o.#
#o#
#@#
#.#
#.#
#.#
#.#
#..
#..
...


You could see an orc warrior, an orc priest and an orc wizard.

Vanquished Creatures
  Grinder (D:3)
  2 orc warriors
  An ice beast (D:7)
  A sky beast (D:4)
  An ogre (D:5)
  3 centaurs
  A scorpion (D:7)
  A water moccasin skeleton (D:6)
  4 wights (D:7)
  3 crimson imps
  2 centaur zombies
  2 jellies (D:6)
  A bullfrog zombie (D:8)
  2 hounds
  7 orc wizards
  2 orc priests
  2 bullfrog skeletons
  A centaur skeleton (D:5)
  4 iguanas
  Terence (D:2)
  Jessica (D:2)
  Natasha (thrice) (D:2)
  7 worker ants
  A hound skeleton (D:7)
  8 mummies (Ossuary)
  2 worker ant zombies (D:7)
  3 gnolls (D:7)
  10 adders
  A shadow imp (D:5)
  3 oozes
  An adder zombie (D:6)
  3 worms
  A dart slug (D:4)
  2 leopard geckos
  32 orcs
  5 bats
  5 giant cockroaches
  9 hobgoblins
  13 jackals
  4 quokkas
  7 frilled lizards
  2 gnoll zombies (Ossuary)
  14 goblins
  2 hobgoblin zombies (Ossuary)
  A jackal zombie (D:5)
  7 kobolds
  A kobold zombie (Ossuary)
  3 orc zombies (Ossuary)
  A quokka skeleton (D:6)
  8 rats
202 creatures vanquished.

Notes
Turn   | Place    | Note
-------+----------+-------------------------------------------
     0 | D:1      | Naridas the Octopode Fighter began the quest for the Orb.
     0 | D:1      | Reached XP level 1. HP: 16/16 MP: 1/1
   200 | D:1      | Reached XP level 2. HP: 19/21 MP: 2/2
   352 | D:1      | Reached skill level 3 in Long Blades
   614 | D:1      | Reached XP level 3. HP: 26/26 MP: 3/3
  1119 | D:2      | Gained mutation: You possess an exceptional clarity of
                  | mind. [potion of mutation]
  1119 | D:2      | Gained mutation: Your body sometimes deteriorates upon
                  | taking damage. [potion of mutation]
  1119 | D:2      | Gained mutation: You are partially covered in icy blue
                  | scales. (AC +2) [potion of mutation]
  1119 | D:2      | Gained mutation: You are robust. (+10% HP) [potion of
                  | mutation]
  1214 | D:2      | Noticed a hippogriff
  1468 | D:2      | Noticed Jessica
  1475 | D:2      | Reached skill level 4 in Long Blades
  1478 | D:2      | Killed Jessica
  1478 | D:2      | Reached XP level 4. HP: 30/34 MP: 4/4
  1539 | D:2      | Noticed Terence
  1548 | D:2      | Killed Terence
  1553 | D:2      | Noticed Natasha
  1558 | D:2      | Killed Natasha
  1558 | D:2      | Reached skill level 5 in Long Blades
  1558 | D:2      | Reached XP level 5. HP: 23/39 MP: 5/5
  1805 | D:2      | Noticed Natasha
  2134 | D:3      | Noticed Grinder
  2137 | D:3      | Paralysed by Grinder for 5 turns
  2156 | D:3      | Killed Grinder
  2156 | D:3      | Reached skill level 5 in Fighting
  2156 | D:3      | Reached XP level 6. HP: 4/49 MP: 6/6
  2923 | D:3      | Reached XP level 7. HP: 55/55 MP: 7/7
  3325 | D:2      | Killed Natasha
  3356 | D:2      | Noticed Natasha
  3361 | D:2      | Killed Natasha
  3623 | D:4      | Found a sand-covered staircase.
  3627 | Ossuary  | Entered an ossuary
  3814 | Ossuary  | Reached skill level 5 in Shields
  4222 | D:4      | Found a staircase to the Ecumenical Temple.
  4235 | Temple   | Entered the Ecumenical Temple
  4268 | Temple   | Became a worshipper of Dithmenos the Shadowed
  4875 | D:5      | Entered Level 5 of the Dungeon
  4894 | D:5      | Reached skill level 5 in Dodging
  4894 | D:5      | Reached XP level 8. HP: 43/61 MP: 8/8
  5064 | D:5      | Found a deep blue altar of Sif Muna.
  5119 | D:5      | Found Zozeunn's Antique Armour Emporium.
  6019 | D:6      | Found Fueshrer's Jewellery Emporium.
  6223 | D:6      | Bought the amulet "Limi" {Reflect rPois SH+3} for 376 gold
                  | pieces
  6622 | D:5      | Reached skill level 6 in Long Blades
  6658 | D:6      | Reached * piety under Dithmenos
  6658 | D:6      | Reached XP level 9. HP: 49/67 MP: 9/9
  6875 | D:6      | Reached skill level 7 in Long Blades
  7697 | D:7      | Reached skill level 8 in Long Blades
  7703 | D:7      | Reached ** piety under Dithmenos
  8240 | D:7      | Reached skill level 9 in Long Blades
  8250 | D:7      | Found Wil Sago's Assorted Antiques.
  8253 | D:7      | Bought a notched emerald ring for 85 gold pieces
  8253 | D:7      | Bought a scroll of identify for 34 gold pieces
  8710 | D:8      | Noticed a centaur warrior
  8720 | D:8      | HP: 3/68 [centaur warrior/arrow (33)]
  8726 | D:8      | HP: 3/68 [orc warrior/glaive (2)]
  8727 | D:8      | Killed from afar by an orc wizard

Skill      XL: |  1  2  3  4  5  6  7  8  9 |
---------------+----------------------------+-----
Long Blades    | 3 4 5 6 9 |  9.2
Fighting       | 5 |  5.7
Shields        | 5 7 |  7.2
Dodging        | 5 |  5.1

Action                   |  1- 3 |  4- 6 |  7- 9 || total
-------------------------+-------+-------+-------++-------
Melee: Long sword        |    65 |    90 |   314 ||   469
       Constrict         |    16 |    28 |    97 ||   141
       Tentacles         |     9 |    15 |    91 ||   115
  Use: Potion            |     3 |       |       ||     3
       Scroll            |       |     1 |     9 ||    10
 Stab: Sleeping          |    10 |     5 |     7 ||    22
  Eat: Chunk             |     1 |     5 |    17 ||    23
       Ration            |       |       |     1 ||     1
Armor: Skin              |     6 |    11 |    19 ||    36
Dodge: Dodged            |    21 |    39 |   134 ||   194
Block: Shield            |    23 |    33 |   164 ||   220
       Reflection        |       |       |     9 ||     9
       Rpst.: Long sword |     8 |    10 |    47 ||    65
